Map: King Sejong Station LE

Players

AstraAV

  • Race: Protoss Protoss
  • League: Diamond
  • Spawn Location: 11:00

Mario - Winner!

  • Race: Terran Terran
  • League: Diamond
  • Spawn Location: 5:00

VOD

Have the link to the VOD?

Description

Time

  • Played on: Nov. 9, 2016, 10:21 a.m.
  • Length: 16:22
Show
View Real Time Build Order
Export as new Build Order

AstraAV Protoss 

Build Orders: 1 Gate Expand 

Get SALT Encoding   

  12  0:01  Probe (Chrono Boost)  
  13  0:11  Probe (Chrono Boost)  
  14  0:19  Pylon  
  14  0:22  Probe (Chrono Boost)  
  15  0:37  Gateway  
  15  0:38  Probe (Chrono Boost)  
  16  0:46  Assimilator  
  16  0:49  Probe (Chrono Boost)  
  17  0:59  Probe (Chrono Boost)  
  18  1:13  Probe (Chrono Boost)  
  19  1:27  Cybernetics Core  
  19  1:35  Nexus  
  19  1:37  Probe (Chrono Boost)  
  20  1:43  Assimilator  
  20  1:49  Probe (Chrono Boost)  
  21  1:58  Pylon  
  21  2:05  Adept  
  21  2:06  Warp Gate  
  23  2:16  Mothership Core (Chrono Boost)  
  25  2:24  Pylon  
  25  2:32  Adept  
  25  2:35  Probe (Chrono Boost)  
  28  2:46  Gateway  
  28  2:51  Probe (Chrono Boost)  
  29  3:03  Probe x2 (Chrono Boost)  
  31  3:06  Pylon  
  30  3:39  Probe x2 (Chrono Boost)  
  32  3:45  Gateway  
  32  3:49  Gateway  
  32  3:50  Probe (Chrono Boost)  
  32  3:51  Twilight Council  
  32  3:53  Probe (Chrono Boost)  
  32  3:55  Pylon  
  34  4:00  Probe (Chrono Boost)  
  35  4:04  Probe (Chrono Boost)  
  36  4:13  Stalker x2  
  36  4:15  Probe x2 (Chrono Boost)  
  42  4:27  Probe x2 (Chrono Boost)  
  42  4:31  Pylon  
  44  4:33  Resonating Glaives (Chrono Boost)  
  44  4:36  Probe  
  44  4:38  Probe  
  46  4:47  Probe  
  46  4:50  Robotics Facility, Probe  
  48  4:57  Probe  
  49  5:01  Assimilator  
  49  5:02  Probe  
  49  5:05  Pylon  
  50  5:08  Probe  
  51  5:15  Forge  
  51  5:23  Adept x4  
  59  5:38  Robotics Bay  
  59  5:42  Observer  
  60  5:49  Protoss Ground Weapons Level 1 (Chrono Boost)  
  60  5:53  Assimilator  
  60  5:54  Probe x2  
  62  6:01  Photon Cannon  
  62  6:04  Observer  
  63  6:05  Photon Cannon  
  63  6:06  Probe  
  63  6:09  Photon Cannon  
  63  6:10  Photon Cannon  
  64  6:13  Photon Cannon  
  64  6:16  Photon Cannon x2  
  64  6:32  Adept x3  
  68  6:36  Adept  
  52  6:56  Adept x3  
  52  6:57  Adept  
  55  7:14  Pylon  
  55  7:24  Adept x3  
  55  7:25  Adept  
  55  7:26  Extended Thermal Lance  
  55  7:29  Colossus (Chrono Boost)  
  63  7:34  Protoss Ground Weapons Level 2 (Chrono Boost)  
  69  7:56  Nexus  
  69  7:58  Pylon  
  69  7:59  Stalker  
  69  8:00  Stalker x3, Pylon  
  69  8:05  Gateway  
  77  8:07  Gateway  
  77  8:11  Probe x2  
  79  8:19  Blink  
  79  8:23  Probe  
  80  8:27  Colossus (Chrono Boost)  
  80  8:31  Sentry x2  
  90  8:34  Sentry  
  92  8:59  Pylon  
  92  9:04  Adept x3  
  92  9:05  Adept x2  
  100  9:23  Probe  
  98  9:24  Probe x2  
  101  9:36  Stalker  
  101  9:37  Stalker x2  
  107  9:41  Stalker x3  
  97  10:06  Adept x2  
  97  10:07  Adept x4  
  107  10:17  Protoss Ground Weapons Level 3  
  107  10:23  Disruptor (Chrono Boost)  
  95  10:46  Stalker x3  
  95  10:47  Stalker x3  
  107  10:54  Disruptor (Chrono Boost)  
  84  11:27  Robotics Facility  
  84  11:31  Adept x5  
  84  11:32  Adept  
  96  11:37  Colossus (Chrono Boost)  
  102  11:43  Assimilator  
  102  11:49  Assimilator  
  102  11:54  Stalker x5  
  102  11:55  Stalker  
  114  12:20  Observer (Chrono Boost)  
  121  12:32  Colossus (Chrono Boost)  
  121  12:33  Pylon  
  121  12:36  Pylon  
  121  12:39  Pylon  
  121  12:41  Pylon  
  121  12:45  Pylon  
  121  12:52  Disruptor (Chrono Boost)  
  121  12:53  Nexus  
  124  13:04  Pylon  
  128  13:23  Immortal (Chrono Boost)  
  128  13:24  Immortal (Chrono Boost)  
  128  13:26  Sentry  
  134  13:27  Sentry x2  
  134  13:31  Protoss Ground Armor Level 1  
  138  13:46  Adept x3  
  144  14:02  Immortal (Chrono Boost)  
  152  14:06  Immortal (Chrono Boost)  
  152  14:20  Adept x6  
  164  14:43  Assimilator  
  164  14:46  Assimilator  
  71  15:20  Stalker x4  
  71  15:21  Stalker x2  
  50  15:48  Stalker x6  
  54  16:12  Stalker  
  54  16:13  Stalker  
Show
View Real Time Build Order
Export as new Build Order

Mario Terran - Winner!

Build Orders: Reaper Expand, MMM Bio 

Get SALT Encoding   

  12  0:01  SCV  
  13  0:13  SCV  
  14  0:17  Supply Depot  
  14  0:25  SCV  
  15  0:39  SCV  
  15  0:40  Barracks  
  16  0:45  Refinery  
  16  0:51  SCV  
  17  1:03  SCV  
  18  1:15  SCV  
  19  1:29  Orbital Command, Reaper  
  20  1:42  Command Center  
  20  1:51  Barracks  
  20  1:55  SCV  
  20  2:00  Refinery  
  21  2:08  Barracks Reactor  
  21  2:16  Supply Depot  
  21  2:17  SCV  
  22  2:23  Factory  
  22  2:30  SCV  
  23  2:38  Barracks Tech Lab  
  23  2:42  SCV  
  23  2:43  Engineering Bay  
  24  2:57  Marine x3  
  27  2:59  Stimpack  
  27  3:06  Orbital Command  
  27  3:25  SCV  
  27  3:26  Missile Turret  
  28  3:27  Terran Infantry Weapons Level 1  
  28  3:28  Factory Reactor  
  28  3:37  SCV  
  29  3:43  SCV  
  29  3:44  Marine x3  
  33  3:49  SCV  
  33  3:50  Starport  
  34  4:01  Marine  
  34  4:02  Marine x2, SCV x2  
  39  4:04  Missile Turret  
  39  4:15  SCV x2  
  41  4:19  Marine  
  41  4:20  Marine  
  41  4:22  Marauder  
  45  4:37  Supply Depot  
  45  4:40  Supply Depot  
  45  4:43  Marine x2  
  45  4:44  Marauder  
  45  4:45  Medivac x2  
  53  4:47  Missile Turret  
  53  5:06  Factory Reactor  
  53  5:07  Marine x2, Marauder  
  53  5:08  Combat Shields  
  53  5:14  Supply Depot  
  57  5:19  Barracks  
  57  5:21  Terran Infantry Armor Level 1  
  57  5:22  Barracks  
  57  5:23  Barracks  
  57  5:25  SCV x2  
  59  5:47  Marine x2, Widow Mine  
  59  5:48  Widow Mine  
  59  5:49  Marauder  
  67  5:51  Medivac  
  67  5:54  Refinery x2  
  69  5:59  Supply Depot  
  69  6:00  Supply Depot  
  69  6:02  SCV x2  
  60  6:51  Barracks Tech Lab x2, Barracks Reactor  
  59  7:20  Widow Mine x2  
  59  7:22  Marauder x3  
  69  7:23  Marine x2  
  71  7:32  Command Center, Starport  
  71  7:33  Fusion Core  
  71  7:36  Armory, Engineering Bay  
  71  7:39  SCV x2  
  71  7:41  Marine x2  
  71  7:43  Marine  
  71  7:44  Marauder x2  
  80  7:49  Marine x2, Widow Mine x2  
  86  7:51  SCV x2  
  86  7:54  Supply Depot  
  88  7:58  Marine  
  88  8:01  Marauder  
  88  8:05  Marauder  
  93  8:16  Marauder  
  93  8:17  Marine x4, Widow Mine  
  101  8:22  Widow Mine  
  101  8:23  Marauder  
  101  8:24  Starport Tech Lab  
  101  8:25  Supply Depot  
  101  8:26  Marauder  
  107  8:37  Marauder  
  109  8:55  Supply Depot  
  109  8:56  Supply Depot  
  109  8:57  Supply Depot x2  
  109  9:05  Marauder x2, Marine x2  
  109  9:06  Marauder, Marine x2  
  119  9:23  Marine x3  
  119  9:24  Marine  
  123  9:25  Orbital Command  
  123  9:27  Marauder x2, SCV x2  
  129  9:32  Missile Turret  
  129  9:39  SCV x2  
  129  9:44  Advanced Ballistics  
  131  9:49  Liberator x2  
  131  9:50  Liberator  
  131  9:51  SCV  
  98  10:04  Refinery  
  98  10:05  Refinery  
  101  10:09  Marauder x3  
  101  10:10  Marine  
  101  10:11  Marine  
  108  10:30  Marauder  
  108  10:32  Liberator x2  
  79  10:45  Marine x3, Marauder x2  
  79  10:46  Marine  
  93  10:52  Marauder, SCV x2  
  93  10:53  SCV  
  98  11:03  Marine  
  99  11:06  Marauder x2  
  95  11:13  Marauder  
  95  11:18  Marine x3  
  97  11:21  Marine, Medivac  
  101  11:28  Marauder x2  
  101  11:29  SCV x3  
  101  11:31  Liberator  
  101  11:32  Medivac  
  110  11:34  Marauder, Liberator  
  110  11:35  Marine  
  110  11:36  Marine x2  
  110  11:38  Marine  
  116  11:41  SCV  
  116  11:45  Liberator  
  117  11:49  Marauder x2  
  117  11:52  High Capacity Fuel Tanks  
  117  11:53  Terran Infantry Weapons Level 2  
  117  11:54  Terran Infantry Armor Level 2  
  127  11:55  Terran Vehicle And Ship Armor Level 1  
  130  12:15  Command Center  
  130  12:18  Missile Turret  
  130  12:19  Missile Turret  
  130  12:38  SCV x3  
  130  12:43  Marauder x3  
  130  12:44  Marine x2  
  140  12:47  Supply Depot  
  140  12:48  Supply Depot  
  140  12:49  Supply Depot  
  140  12:50  Supply Depot  
  141  12:53  Supply Depot  
  141  13:01  Ghost Academy  
  141  13:04  Ghost Academy  
  141  13:08  Marine x2  
  141  13:09  SCV x3  
  141  13:11  Liberator x3  
  146  13:32  Ghost x3  
  146  13:33  Marine  
  146  13:34  Marine x3  
  163  13:36  Nuke, Personal Cloaking  
  164  13:46  Planetary Fortress  
  164  13:48  Refinery  
  164  13:50  Refinery  
  164  13:51  Widow Mine x2  
  168  14:21  Marauder x3, Marine x4  
  178  14:31  Refinery  
  178  14:32  Missile Turret  
  178  14:35  Refinery  
  178  14:38  Marine  
  178  14:39  Marine x2  
  178  14:40  Orbital Command  
  178  14:42  Marauder x3  
  171  15:02  Nuke  
  171  15:03  Marauder  
  127  15:23  Nuke  
  125  15:34  Medivac x3  
  128  15:49  Ghost x2  
  129  15:50  Marine x5  
  129  15:54  SCV  
  129  15:55  SCV x3  
Tags
 
Add a new tag
Caveats
  • Supply blocks, unpowered buildings, or Contaminate may cause inaccurate times.
  • Supply counts are checked every 10 seconds.